 Dungeon Crawl Stone Soup version 0.31-a0-424-g41b3b0883d (webtiles) character file.

Game seed: 15465903577511127051

100 Ethylacetat the Firebug (level 4, -4/27 HPs)
             Began as an Octopode Fire Elementalist on July 30, 2023.
             Slain by Natasha (5 damage)
             ... on level 2 of the Dungeon.
             The game lasted 00:07:34 (2008 turns).

Ethylacetat the Firebug (OpFE)                      Turns: 2008, Time: 00:07:34

Health: -4/27      AC:  1    Str:  7    XL:     4   Next: 74%
Magic:  8/8        EV: 13    Int: 19    God:
Gold:   13         SH:  0    Dex: 12    Spells: 7/8 levels left

rFire   . . .        i - +1 dagger (venom)
rCold   . . .        (no shield)
rNeg    + . .        (helmet restricted)
rPois   +            (no amulet)
rElec   .            c - ring of positive energy
rCorr   .            f - ring of poison resistance
SInv    .            (no ring)
Will    .....        (no ring)
Stlth   +++          (no ring)
HPRegen 0.24/turn    (no ring)
MPRegen 0.11/turn    (no ring)
                     (no ring)

%: no passive effects
@: no status effects
A: almost no armour, amphibious, 8 rings, camouflage 1, gelatinous body 1,
(nimble swimmer 1), tentacles
a: no special abilities


You were on level 2 of the Dungeon.
You visited 1 branch of the dungeon, and saw 2 of its levels.

You collected 13 gold pieces.

Inventory:

Hand Weapons
 i - a +1 dagger of venom (weapon)
Jewellery
 c - a ring of positive energy (left tentacle)
 f - a ring of poison resistance (right tentacle)
Scrolls
 b - 2 scrolls of enchant weapon {unknown}
 e - a scroll of noise {unknown}
 g - a scroll of teleportation {unknown}
 h - 2 scrolls of identify {unknown}
 j - a scroll of fear {unknown}
 k - a scroll of vulnerability {unknown}
 l - a scroll of amnesia {unknown}
Potions
 a - a potion of magic
 d - a potion of heal wounds {unknown}


   Skills:
 - Level 2.1 Dodging
 - Level 3.0 Stealth
 + Level 2.9 Spellcasting
 + Level 2.4 Conjurations
 + Level 3.8 Fire Magic


You had 7 spell levels left.
You knew the following spells:

 Your Spells              Type           Power      Damage    Failure   Level
a - Foxfire               Conj/Fire      56%        2x1d6     4%          1

Your spell library contained the following spells:

 Spells                   Type           Power      Damage    Failure   Level
 Scorch                   Fire           34%        2d6       4%          2
 Inner Flame              Hex/Fire       10%        N/A       21%         3
 Volatile Blastmotes      Fire/Tloc      20%        2d11      21%         3
 Hailstorm                Conj/Ice       7%         3d4       28%         3
 Flame Wave               Conj/Fire      14%        2d6       38%         4
 Summon Ice Beast         Ice/Summ       2%         N/A       83%         4
 Simulacrum               Ice/Necr       1%         N/A       100%        6
 Summon Cactus Giant      Summ           1%         N/A       100%        6


Dungeon Overview and Level Annotations

Branches:
Dungeon (2/15)

Altars:

Annotations:
D:2 Natasha


Innate Abilities, Weirdness & Mutations

You cannot wear most types of armour.
You are amphibious.
You can wear up to eight rings at the same time.
Your skin changes colour to match your surroundings (Stealth+).
Your rubbery body absorbs attacks. (AC +1, EV +1)
((You are camouflaged when in or above water. (Stealth+)))
You have tentacles for arms and can constrict up to eight enemies at once.


Message History

No target in view!
No target in view!
You see here a jackal corpse.
An endoplasm comes into view.
The endoplasm quivers.
An endoplasm is nearby!
An endoplasm is nearby!
You hit the endoplasm.
The endoplasm is almost dead.
The endoplasm barely misses you.
You hit the endoplasm but do no damage.
The endoplasm is poisoned.
The endoplasm is almost dead.
The endoplasm barely misses you.
You hit the endoplasm.
You kill the endoplasm!
No target in view!
There is a stone staircase leading down here.
Natasha, Servant of Life and Death comes into view.
No target in view!
No target in view!
Natasha is nearby!
Natasha hisses angrily.
Natasha casts a spell.
Natasha stares at you and mumbles some strange words.
The magic dart hits you!
You hit Natasha. Your grab misses Natasha.
Natasha is moderately wounded.
The cerulean imp barely misses you. Natasha claws you.
You hit Natasha.
Natasha is poisoned.
Your grab misses Natasha.
Natasha is heavily wounded.
The cerulean imp hits you from afar with a +0 spear.
Natasha claws you!
* * * LOW HITPOINT WARNING * * *
You are too injured to fight recklessly!
You barely miss Natasha. Your grab misses Natasha.
Natasha is heavily wounded.
The cerulean imp hits you from afar with a +0 spear.
* * * LOW HITPOINT WARNING * * *
Natasha claws you.
You die...

###.#.##.# #####...#..........#.
......##.# #.##....#.#####.##.#.
###.#.##.####.##............##.#.
......##................###.##.#.
##..................#.#.# #.##.#.
#.##.##.##.#.####..#.#.# #.##.#†
##.## ##.##.#.......#.#.###.##.#.
..... ...........................
##.## ##.##.....@h5.....###.##†##
##.## #.##..#####..#.### #......
...##.##.##..#####..#.#####.##.##
##.##.......................##.#
.........##..####..............#
##.##........|......##########.#
......##.##.#####........... #.#
##.#..##.##.#####...######## #.#
#.#..##.............. ######.##


You could see Natasha (very poisoned) and a cerulean imp (summoned).

Vanquished Creatures
  Natasha (D:2)
  2 adders (D:2)
  3 worms (D:2)
  2 dart slugs (D:1)
  An orc (D:2)
  5 bats
  2 endoplasms (D:2)
  A giant cockroach (D:2)
  4 goblins
  6 hobgoblins
  4 jackals
  5 kobolds
  A quokka (D:1)
  3 frilled lizards
  6 rats
46 creatures vanquished.

Vanquished Creatures (others)
  11 foxfires
11 creatures vanquished.

Grand Total: 57 creatures vanquished

Notes
Turn   | Place    | Note
-------+----------+-------------------------------------------
     0 | D:1      | Ethylacetat the Octopode Fire Elementalist began the quest
                  | for the Orb.
     0 | D:1      | Reached XP level 1. HP: 11/11 MP: 3/3
   217 | D:1      | Reached XP level 2. HP: 11/17 MP: 5/5
   963 | D:2      | Reached XP level 3. HP: 15/21 MP: 6/6
  1310 | D:2      | Noticed Natasha
  1318 | D:2      | Killed Natasha
  1319 | D:2      | Reached XP level 4. HP: 27/27 MP: 6/8
  2000 | D:2      | Noticed Natasha
  2008 | D:2      | HP: 1/27 [cerulean imp/+0 spear[Natasha] (6)]
  2008 | D:2      | Slain by Natasha

Illustrated notes

Levels and vault maps discovered:
D:1:      lightli_arrival_lavapool, layout_basic
D:2:      layout_basic, uniq_natasha

Skill      XL: |  1  2  3 |
---------------+----------+-----
Stealth        | 3 |  3.0
Conjurations   | 2 |  2.4
Dodging        | |  2.1
Spellcasting   | |  2.9
Fire Magic     | |  3.8

Action                     |  1- 3 |  4- 6 || total
---------------------------+-------+-------++-------
  Melee: Unarmed           |    92 |       ||    92
         Constrict         |    28 |     9 ||    37
         Tentacles         |    21 |     8 ||    29
         Punch             |     2 |       ||     2
         Dagger            |     2 |    40 ||    42
   Cast: Foxfire           |     7 |       ||     7
   Stab: Sleeping          |     5 |     6 ||    11
 Armour: Skin              |    14 |     2 ||    16
  Dodge: Dodged            |    66 |    14 ||    80

Table legend: (Time is in decaauts)
 A = Elapsed time spent in this place.
 B = Non-inter-level travel time spent in this place.
 C = Inter-level travel time spent in this place.
 D = Time resting spent in this place.
 E = Time spent auto-exploring this place.
 F = Levels seen in this place.
 G = Mean time per level.
                   A        B        C        D        E       F      G
               +--------+--------+--------+--------+--------+-----+--------+
         Total |   2006 |   1970 |     36 |      0 |   1236 |   2 | 1003.0 |
       Dungeon |   2006 |   1970 |     36 |      0 |   1236 |   2 | 1003.0 |
               +--------+--------+--------+--------+--------+-----+--------+

Top non-repeatable levels by time:
     D:2: 1073 daAuts
     D:1: 933 daAuts
